 Dungeon Sprint DCSS version 0.22-a0-422-g9628fc87f1 (webtiles) character file.

44652 Ebeneezer the Fencer (level 13, -8/139 HPs)
             Began as a Deep Dwarf Fighter on May 19, 2018.
             Was a High Priest of Ru.
             Mangled by a spriggan berserker
             ... wielding a +0 broad axe
              (11 damage)
             ... in the Dungeon (Sprint IX: "|||||||||||||||||||||||||||||").
             The game lasted 00:08:50 (2432 turns).

Ebeneezer the Fencer (Deep Dwarf Fighter)           Turns: 2432, Time: 00:08:50

Health: -8/139     AC: 24    Str: 26    XL:     13   Next: 97%
Magic:  4/5        EV:  9    Int:  8    God:    Ru [*****.]
Gold:   34         SH: 16    Dex: 19    Spells: 12/12 levels left

rFire    + + .     SeeInvis .   b - +4 scimitar (flame)
rCold    + . .     Gourm    .   c - +0 shield
rNeg     . . .     Faith    .   q - +9 scales of the Dragon King {rPois rF+ rC+ MR+}
rPois    +         Spirit   .   (helmet restricted)
rElec    .         Reflect  .   H - +1 cloak
rCorr    .         Harm     .   D - +0 pair of gloves {Str+3}
MR       ++...     NoTele   +   (no boots)
Stlth    ..........             (no amulet)
HPRegen  0.00/turn              G - ring of protection from fire
MPRegen  0.09/turn              w - ring of poison resistance

@: no scrolls, non-regenerating
A: damage resistance, heal wounds, horns 1, thin skeletal structure 1, agile 1,
deterioration 1, sense surroundings 2, inability to read while threatened,
inability to train armour, no ice magic, no necromancy magic, no summoning
magic, unskilled 1, no regeneration
a: Heal Wounds, Sacrifice an Eye, Sacrifice Courage, Sacrifice Stealth, Reject
Sacrifices, Draw Out Power, Power Leap, Apocalypse, Renounce Religion


You were in the Dungeon.
You worshipped Ru.
Ru was extremely pleased with you.
You were not hungry.

You visited 1 branch You collected 1913 gold pieces.
You spent 1879 gold pieces at shops.

Inventory:

Hand Weapons
 b - a +4 scimitar of flaming (weapon)
 o - the +2 scimitar of Tenacity {slice, rElec Dex+2}
   (You found it in the Dungeon)

   It inflicts extra damage upon your enemies.
   It affects your dexterity (+2).
   It insulates you from electricity.
Armour
 c - a +0 shield (worn)
 q - the +9 scales of the Dragon King (worn) {rPois rF+ rC+ MR+}
   (You bought it in a shop in the Dungeon)

   It protects you from fire.
   It protects you from cold.
   It protects you from poison.
   It affects your resistance to hostile enchantments.
 D - a +0 pair of gloves of strength (worn)
 H - a +1 cloak (worn)
 I - a +1 helmet
Jewellery
 r - a +2 ring of protection
 s - a +2 ring of protection
 w - a ring of poison resistance (right hand)
 C - an uncursed ring of wizardry
 E - an uncursed ring of magical power
 F - an uncursed ring of protection from magic
 G - a ring of protection from fire (left hand)
Wands
 n - a wand of iceblast (10)
Scrolls
 k - 2 scrolls of blinking
 l - 6 scrolls of remove curse
 m - 2 scrolls of amnesia
 p - a scroll of fear
 t - a scroll of immolation {unknown}
 v - a scroll of holy word {unknown}
 x - 4 scrolls of enchant armour
 y - a scroll of fog
 z - 2 scrolls of identify
Potions
 a - 2 potions of degeneration {unknown}
 d - 3 potions of might
 e - 11 potions of curing
 g - 5 potions of heal wounds
 h - 2 potions of haste
 i - 4 potions of magic
 j - a potion of invisibility
 u - 2 potions of brilliance
Comestibles
 f - 12 rations


   Skills:
 + Level 15.2 Fighting
 * Level 20.9 Long Blades
 + Level 9.0 Dodging
 * Level 10.7 Stealth
 + Level 16.7 Shields
 * Level 5.5 Evocations


You had 12 spell levels left.
You didn't know any spells.
Your spell library was empty.

Dungeon Overview and Level Annotations

Branches:
Dungeon (1/1)

Altars:
Cheibriados
Dithmenos
Elyvilon
Fedhas
Gozag
Hepliaklqana
Kikubaaqudgha
Makhleb
Nemelex Xobeh
Okawaru
Qazlal
Ru
Sif Muna
Trog
Uskayaw
Vehumet
Wu Jian
Xom
Yredelemnul
Zin
The Shining One
Beogh
Jiyva
Lugonu

Shops:
D [[*%


Innate Abilities, Weirdness & Mutations

You are resistant to damage.
You can heal yourself by infusing magical energy.
You passively map the area around you.
You cannot read scrolls while threatened.
You cannot train Armour skill.
You cannot study or cast Ice magic.
You cannot study or cast Necromancy magic.
You cannot study or cast Summoning magic.
You are somewhat unskilled. (-1 Apt)
You do not regenerate.
You have a pair of small horns on your head.
You have a somewhat thin skeletal structure. (Dex +2, Stealth)
You are agile. (Dex +2)
Your body sometimes deteriorates upon taking damage.


Message History

The stone giant is stunned by your will and fails to attack.
You slash the stone giant! You burn the stone giant.
You headbutt the stone giant, but do no damage.
The stone giant is almost dead.
The wizard begins to cast a spell, but is stunned by your will!
You block the stone giant's attack.
You hit the stone giant but do no damage.
You kill the stone giant!
You slash the spriggan berserker! You burn the spriggan berserker.
You headbutt the spriggan berserker.
The spriggan berserker is lightly wounded.
You block the spriggan berserker's attack.
You slash the spriggan berserker! You burn the spriggan berserker.
The spriggan berserker is moderately wounded.
The spriggan berserker hits you with a broad axe!
* * * LOW HITPOINT WARNING * * *
You hit the spriggan berserker. You burn the spriggan berserker.
The spriggan berserker is moderately wounded.
The spriggan berserker hits you with a broad axe!
You die...

[▓.▓)▓.▓.▓.▓.▓.▓.▓,*
,*
.▓.▓[▓.▓.▓.▓.▓.▓.▓,
* * ,
.▓.▓.▓.▓)▓.▓'▓.▓.▓
,* *,
.▓.▓)▓.▓)▓.▓(▓.▓.▓ ,
, * *
.▓.▓)▓.▓)▓.▓)▓.▓'▓ *
* * *, ,*
.▓.▓)▓.▓)▓.▓)▓.▓[▓,
, .▓.▓)▓.▓)▓.▓)▓.▓)▓
*, * , *
.▓.▓)▓.▓)▓.▓.▓.▓(▓
*,* * *
÷▓.▓)▓.▓)▓.▓.▓.▓@▓ *
* * *
.▓.▓.▓.▓)▓.▓.▓.▓i▓ *
, .▓)▓.▓.▓.▓.▓.▓.▓Y▓
*,*
.▓.▓.▓.▓[▓.▓.▓.▓T▓ *
*, , *,
.▓.▓.▓.▓.▓.♣'♣.▓.▓,
* *, , *
.▓.▓.▓.▓[▓.♣.♣.▓p▓
*,* , *
.▓.▓)▓.▓[▓.♣.♣.▓Z▓
,* * , ,
.▓.▓)▓.▓[▓.♣.♣.▓.▓ *
,* ,
.▓.▓)▓.▓.▓.♣†♣.▓ *,*
*, ,


You could see an elephant (berserk), a spriggan berserker (berserk), a deep
troll shaman, a wizard and a bat skeleton.

Vanquished Creatures
  2 thorn hunters (D)
  A frost giant (D)
  3 stone giants (D)
  Josephine (D)
  3 ettins (D)
  A merfolk javelineer (D)
  A yaktaur captain (D)
  Erolcha (D)
  A hydra (D)
  An ice dragon (D)
  A naga warrior (D)
  A centaur warrior (D)
  A death knight (D)
  A deep troll earth mage (D)
  Erica (D)
  A tengu warrior (D)
  A deep troll shaman (D)
  3 shock serpents (D)
  A two-headed ogre (D)
  2 vampire magi (D)
  2 naga sharpshooters (D)
  A hell knight (D)
  4 sea snakes (D)
  A spriggan druid (D)
  2 wizards (D)
  8 orc knights (D)
  A necromancer (D)
  6 lindwurms (D)
  3 manticores (D)
  An orb spider (D)
  An orb spider (shapeshifter) (D)
  A deep elf mage (D)
  A wolf spider (D)
  An elephant (D)
  A merfolk siren (D)
  Psyche (D)
  4 black mambas (D)
  Joseph (D)
  A torpor snail (D)
  A gargoyle (D)
  2 spiny frogs (D)
  3 komodo dragons (D)
  2 demonic crawlers (D)
  A jumping spider (D)
  A merfolk (D)
  A blink frog (D)
  A dream sheep (D)
  A bog body (D)
  A hippogriff (D)
  4 wraiths (D)
  Eustachio (D)
  A tarantella (D)
  A basilisk (D)
  A vampire mosquito (D)
  2 insubstantial wisps (D)
  5 water moccasins (D)
  A swamp drake (D)
  18 orc warriors (D)
  A phantom (D)
  2 centaurs (D)
  A crocodile (D)
  4 bullfrogs (D)
  A howler monkey (D)
  A crimson imp (D)
  A quasit (D)
  2 hounds (D)
  3 orc priests (D)
  6 orc wizards (D)
  An adder (D)
  2 shadow imps (D)
  2 worms (D)
  6 orcs (D)
  A jackal (D)
  A kobold (D)
  2 bats (D)
  A frilled lizard (D)
  A rat (D)
156 creatures vanquished.

Vanquished Creatures (others)
  Frances (D)
  A jumping spider (D)
2 creatures vanquished.

Grand Total: 158 creatures vanquished

Notes
Turn   | Place    | Note
-------+----------+-------------------------------------------
     0 | D        | Ebeneezer the Deep Dwarf Fighter began the quest for the Orb.
     0 | D        | Reached XP level 1. HP: 20/20 MP: 1/1
    14 | D        | Noticed a quasit
    14 | D        | Noticed a howler monkey
    14 | D        | Noticed a phantom
    14 | D        | Noticed an orc wizard
    25 | D        | Killed a quasit
    25 | D        | Reached skill level 3 in Long Blades
    25 | D        | Reached skill level 1 in Dodging
    25 | D        | Reached XP level 2. HP: 30/30 MP: 2/2
    25 | D        | Reached XP level 3. HP: 36/36 MP: 3/3
    29 | D        | Reached skill level 4 in Long Blades
    29 | D        | Reached skill level 5 in Armour
    29 | D        | Reached skill level 5 in Shields
    29 | D        | Reached XP level 4. HP: 45/45 MP: 4/4
    78 | D        | Killed a phantom
    78 | D        | Reached skill level 5 in Fighting
    78 | D        | Reached skill level 6 in Long Blades
    78 | D        | Reached XP level 5. HP: 34/52 MP: 5/5
    83 | D        | Found a roughly hewn altar of Beogh.
    83 | D        | Found a snail-covered altar of Cheibriados.
    83 | D        | Found a shadowy altar of Dithmenos.
    83 | D        | Found a white marble altar of Elyvilon.
    83 | D        | Found a blossoming altar of Fedhas.
    83 | D        | Found an opulent altar of Gozag.
    84 | D        | Found a hazy altar of Hepliaklqana.
    85 | D        | Found a viscous altar of Jiyva.
    86 | D        | Found an ancient bone altar of Kikubaaqudgha.
    87 | D        | Found a corrupted altar of Lugonu.
    88 | D        | Found a burning altar of Makhleb.
    89 | D        | Found a sparkling altar of Nemelex Xobeh.
    90 | D        | Found an iron altar of Okawaru.
    91 | D        | Found a stormy altar of Qazlal.
    92 | D        | Found a sacrificial altar of Ru.
    93 | D        | Found a deep blue altar of Sif Muna.
    94 | D        | Found a bloodstained altar of Trog.
    95 | D        | Found a hide-covered altar of Uskayaw.
    96 | D        | Found a radiant altar of Vehumet.
    97 | D        | Found an ornate altar of the Wu Jian Council.
    98 | D        | Found a shimmering altar of Xom.
    99 | D        | Found a basalt altar of Yredelemnul.
   100 | D        | Became a worshipper of Ru the Awakened
   101 | D        | Found a glowing silver altar of Zin.
   102 | D        | Found a glowing golden altar of the Shining One.
   119 | D        | Got the +2 scimitar of Tenacity {slice, rElec Dex+2}
   147 | D        | Noticed a two-headed ogre
   147 | D        | Noticed a wraith
   151 | D        | Killed a two-headed ogre
   151 | D        | Reached skill level 9 in Long Blades
   151 | D        | Reached XP level 6. HP: 34/66 MP: 6/6
   151 | D        | Reached XP level 7. HP: 37/72 MP: 7/7
   170 | D        | Killed a wraith
   170 | D        | Reached skill level 10 in Long Blades
   181 | D        | Reached XP level 8. HP: 32/80 MP: 8/8
   204 | D        | Noticed a centaur warrior
   204 | D        | Noticed a manticore
   204 | D        | Noticed a death knight
   210 | D        | Killed a centaur warrior
   210 | D        | Reached skill level 11 in Long Blades
   219 | D        | Killed a manticore
   219 | D        | Reached skill level 12 in Long Blades
   219 | D        | Reached skill level 10 in Armour
   219 | D        | Gained mutation: You passively map the area around you. [Deep Dwarf growth]
   219 | D        | Reached XP level 9. HP: 32/88 MP: 9/9
   237 | D        | Killed a death knight
   237 | D        | Reached skill level 13 in Long Blades
   255 | D        | Gained mutation: You cannot read scrolls while threatened. [Ru sacrifice]
   255 | D        | Reached * piety under Ru
   376 | D        | Gained mutation: You are frail. (-10% HP) [potion of mutation]
   376 | D        | Gained mutation: You have sharp toenails. [potion of mutation]
   377 | D        | Noticed a komodo dragon
   382 | D        | Noticed a spiny frog
   384 | D        | Noticed a komodo dragon
   386 | D        | Killed a komodo dragon
   386 | D        | Reached skill level 10 in Shields
   395 | D        | Reached skill level 14 in Long Blades
   405 | D        | Killed a spiny frog
   411 | D        | Killed a komodo dragon
   411 | D        | Reached XP level 10. HP: 41/89 MP: 9/9
   544 | D        | Noticed a black mamba
   544 | D        | Noticed an elephant
   550 | D        | Reached skill level 15 in Long Blades
   557 | D        | Noticed a spiny frog
   563 | D        | Killed a black mamba
   570 | D        | Killed an elephant
   581 | D        | Reached skill level 10 in Fighting
   584 | D        | Killed a spiny frog
   596 | D        | Gained mutation: You are somewhat unskilled. (-1 Apt) [Ru sacrifice]
   596 | D        | Reduced skill Long Blades to level 14
   596 | D        | Reduced skill Armour to level 10
   596 | D        | Reduced skill Shields to level 10
   596 | D        | Reached ** piety under Ru
   596 | D        | Reached *** piety under Ru
   608 | D        | Noticed a lindwurm
   608 | D        | Noticed a lindwurm
   608 | D        | Noticed a lindwurm
   608 | D        | Noticed a lindwurm
   609 | D        | Noticed a lindwurm
   620 | D        | Killed a lindwurm
   621 | D        | Noticed a lindwurm
   634 | D        | Killed a lindwurm
   634 | D        | Reached skill level 15 in Long Blades
   646 | D        | Killed a lindwurm
   655 | D        | Killed a lindwurm
   655 | D        | Reached XP level 11. HP: 50/97 MP: 9/9
   658 | D        | Killed a lindwurm
   658 | D        | Reached skill level 10 in Fighting
   661 | D        | Killed a lindwurm
   829 | D        | Noticed Eustachio
   849 | D        | Killed Eustachio
   870 | D        | Gained mutation: You cannot study or cast Ice magic. [Ru sacrifice]
   870 | D        | Gained mutation: You cannot study or cast Necromancy magic. [Ru sacrifice]
   870 | D        | Gained mutation: You cannot study or cast Summoning magic. [Ru sacrifice]
   870 | D        | Reached **** piety under Ru
   875 | D        | Noticed Erica
   882 | D        | Killed Erica
   885 | D        | Noticed Joseph
   903 | D        | Killed Joseph
   931 | D        | Noticed Erolcha
   938 | D        | Killed Erolcha
   938 | D        | Reached skill level 16 in Long Blades
  1158 | D        | Noticed an orc knight
  1165 | D        | Noticed an orc knight
  1171 | D        | Killed an orc knight
  1176 | D        | Noticed an orc knight
  1186 | D        | Killed an orc knight
  1199 | D        | HP: 2/99 [orc knight/halberd (15)]
  1211 | D        | Killed an orc knight
  1381 | D        | Found Istitaq's Antique Armour Emporium.
  1381 | D        | Noticed an orc knight
  1381 | D        | Noticed an orc knight
  1381 | D        | Noticed an orc knight
  1386 | D        | Noticed an orc knight
  1387 | D        | Killed an orc knight
  1397 | D        | Killed an orc knight
  1398 | D        | Found Gajyl's Armour Shoppe.
  1406 | D        | Killed an orc knight
  1406 | D        | Reached skill level 17 in Long Blades
  1420 | D        | Killed an orc knight
  1424 | D        | Found Qufrauq's Assorted Antiques.
  1442 | D        | Found Leiskixt's Food Shoppe.
  1444 | D        | Noticed an orc knight
  1468 | D        | Killed an orc knight
  1531 | D        | Bought the +9 scales of the Dragon King {rPois rF+ rC+ MR+} for 1497 gold pieces
  1531 | D        | Found the +9 scales of the Dragon King {rPois rF+ rC+ MR+}
  1537 | D        | Bought a scroll labeled QOKHUG YMELECA for 21 gold pieces
  1537 | D        | Bought a scroll labeled RUC IRUINTENY for 21 gold pieces
  1537 | D        | Bought a murky ruby potion for 18 gold pieces
  1537 | D        | Bought a notched garnet ring for 105 gold pieces
  1537 | D        | Bought a pair of glowing gloves for 157 gold pieces
  1539 | D        | Bought a ration for 60 gold pieces
  1607 | D        | Noticed Josephine
  1612 | D        | Noticed Psyche
  1616 | D        | Killed Josephine
  1616 | D        | Reached XP level 12. HP: 61/109 MP: 10/10
  1624 | D        | Killed Psyche
  1631 | D        | Gained mutation: You cannot train Armour skill. [Ru sacrifice]
  1631 | D        | Reached ***** piety under Ru
  1695 | D        | Found the +3 giant club "Skullcrusher" {speed, Str+7}
  1747 | D        | Lost mutation: You are frail. (-10% HP) [potion of mutation]
  1747 | D        | Lost mutation: You have sharp toenails. [potion of mutation]
  1747 | D        | Gained mutation: You have a pair of small horns on your head. [potion of mutation]
  1747 | D        | Gained mutation: Your body sometimes deteriorates upon taking damage. [potion of mutation]
  1747 | D        | Gained mutation: You are agile. (Dex +2) [potion of mutation]
  1747 | D        | Gained mutation: You have a somewhat thin skeletal structure. (Dex +2, Stealth) [potion of mutation]
  1769 | D        | Noticed an ettin
  1773 | D        | Noticed a deep troll shaman
  1778 | D        | Killed an ettin
  1778 | D        | Reached skill level 18 in Long Blades
  1781 | D        | Killed a deep troll shaman
  1802 | D        | Noticed a vampire mage
  1820 | D        | Killed a vampire mage
  1932 | D        | Noticed Frances
  1938 | D        | Killed Frances
  1938 | D        | Reached skill level 1 in Stealth
  1967 | D        | Noticed a merfolk javelineer
  1980 | D        | Killed a merfolk javelineer
  1980 | D        | Reached skill level 19 in Long Blades
  2034 | D        | Reached skill level 5 in Stealth
  2069 | D        | Noticed a thorn hunter
  2069 | D        | Noticed a seven-headed hydra
  2069 | D        | Noticed a thorn hunter
  2082 | D        | Killed a thorn hunter
  2082 | D        | Reached XP level 13. HP: 60/134 MP: 7/7
  2095 | D        | Killed a thorn hunter
  2139 | D        | Reached skill level 20 in Long Blades
  2139 | D        | Reached skill level 15 in Shields
  2347 | D        | Noticed an ettin
  2347 | D        | Noticed a stone giant
  2348 | D        | Noticed a stone giant
  2361 | D        | Killed a stone giant
  2361 | D        | Reached skill level 1 in Evocations
  2368 | D        | Killed an ettin
  2372 | D        | Noticed an ettin
  2375 | D        | Noticed a frost giant
  2387 | D        | HP: 6/136 [something/vampiric draining (20)]
  2398 | D        | Noticed a stone giant
  2400 | D        | Reached skill level 15 in Fighting
  2400 | D        | Reached skill level 10 in Stealth
  2403 | D        | Killed a stone giant
  2409 | D        | Killed a frost giant
  2412 | D        | Killed an ettin
  2423 | D        | Reached skill level 5 in Evocations
  2429 | D        | Killed a stone giant
  2431 | D        | HP: 3/139 [spriggan berserker/broad axe (13)]
  2432 | D        | Mangled by a spriggan berserker

Vault maps used:
D:        linesprint

Skill      XL: |  1  2  3  4  5  6  7  8  9 10 11 12 13 |
---------------+----------------------------------------+-----
Fighting       | 4 5 7 8 9 9 11 13 15 | 15.2
Long Blades    | 3 4 6 9 10 12 14 15 17 19 20 | 20.9
Armour         | 4 5 6 8 9 10 10 12 0 |  0.0
Dodging        | 1 3 6 8 9 9 |  9.0
Shields        | 4 5 6 8 9 10 11 12 14 16 | 16.7
Stealth        | 6 10 | 10.7
Evocations     | 5 |  5.5

Action                   |  1- 3 |  4- 6 |  7- 9 | 10-12 | 13-15 || total
-------------------------+-------+-------+-------+-------+-------++-------
Melee: Long sword        |    17 |    35 |       |       |       ||    52
       Scimitar          |       |     4 |   101 |   451 |   190 ||   746
       Kick              |       |       |    18 |   130 |       ||   148
       Headbutt          |       |       |       |    28 |    65 ||    93
Invok: Sacrifice Words   |       |       |     1 |       |       ||     1
       Draw Out Power    |       |       |       |     3 |       ||     3
       Sacrifice Skill   |       |       |       |     1 |       ||     1
       Sacrifice Arcana  |       |       |       |     1 |       ||     1
       Reject Sacrifices |       |       |       |     1 |       ||     1
       Sacrifice Durabil |       |       |       |     1 |       ||     1
 Abil: Heal Wounds       |       |     1 |     5 |    20 |    13 ||    39
  Use: Potion            |     1 |       |     1 |     1 |       ||     3
 Stab: Distracted        |       |       |       |     1 |     1 ||     2
       Invisible         |       |       |       |     1 |     2 ||     3
  Eat: Chunk             |       |       |       |     3 |       ||     3
       Ration            |       |       |       |     1 |       ||     1
Armor: Scale mail        |    16 |    18 |       |       |       ||    34
       Ring mail         |       |       |    10 |       |       ||    10
       Crystal plate arm |       |       |    11 |    85 |       ||    96
       Gold dragon scale |       |       |       |    38 |    58 ||    96
Dodge: Dodged            |     7 |     8 |    29 |    45 |    24 ||   113
Block: Shield            |    14 |    16 |    42 |   156 |   104 ||   332
       Rpst.: Long sword |     3 |     2 |       |       |       ||     5
       Scimitar          |       |       |     8 |    13 |     2 ||    23

Table legend:
 A = Spawn XP
 B = Non-spawn XP
 C = Spawn XP percentage of total XP
 D = Spawn monster count
 E = Non-spawn monster count
 F = Spawn count percentage of total count
 G = Total turns spent on level
                    A         B        C        D         E        F      G
               +---------+---------+-------+---------+---------+-------+---------
         Total |       0 |   63789 |   0.0 |       0 |     158 |   0.0 |  2432
               +---------+---------+-------+---------+---------+-------+---------
             D |       0 |   63789 |   0.0 |       0 |     158 |   0.0 |  2432
               +---------+---------+-------+---------+---------+-------+---------
